[Event "ICC tourney 2578 (30 10)"]
[Site "Internet Chess Club"]
[Date "2021.05.23"]
[Round "7"]
[White "NERALLA, SRIKRUTHI:chessfanatic11"]
[Black "DUNIKOV, DAVID EUGENE:DavidNest"]
[Result "0-1"]
[ICCResult "White forfeits on time"]
[WhiteElo "1202"]
[BlackElo "1307"]
[Opening "QP counter-gambit (elephant gambit)"]
[ECO "C40"]
[NIC "KP.10"]
[Time "15:00:51"]
[PlyCount "124"]
[TimeControl "1800+10"]

1. e4 e5 2. Nf3 d5 3. exd5 e4 4. Ne5 Qxd5 5. d4 exd3 6. Nxd3 Nf6 7. Nc3 Qd8
8. Be2 Be7 9. O-O O-O 10. Bf3 c6 11. Be3 Be6 12. a3 Nbd7 13. Re1 Rc8 14.
Qd2 Re8 15. Rab1 h6 16. h3 Nb6 17. Nf4 Bd7 18. Bd4 c5 19. Bxf6 Bxf6 20.
Bxb7 Rb8 21. Rxe8+ Qxe8 22. Re1 Qd8 23. Bf3 Nc4 24. Qd5 Nxb2 25. Ne4 a6 26.
Nxc5 Qa5 27. Rb1 Be8 28. Nfd3 Qxa3 29. Nxb2 Rxb2 30. Rxb2 Qxb2 31. Be4 Qc1+
32. Kh2 Qf4+ 33. Kg1 Be5 34. g3 Qf6 35. Qa8 Qe7 36. Nd3 g6 37. Nxe5 Qxe5
38. Bc6 Kf8 39. c4 Qe6 40. Bxe8 Qxe8 41. Qxa6 Qe1+ 42. Kg2 Qe4+ 43. Kh2 Qe2
44. Qd6+ Kg7 45. Qf4 g5 46. Qd4+ f6 47. c5 Qc2 48. g4 Kf7 49. Qd7+ Kg6 50.
Qd4 Kf7 51. Kg3 Qb3+ 52. Qe3 Qb8+ 53. Kg2 Qc7 54. Qd4 Qc6+ 55. Kh2 Qc7+ 56.
Kg2 Qc6+ 57. f3 Qa6 58. Kg3 Qc6 59. Qd6 Qxd6+ 60. cxd6 Ke6 61. f4 Kxd6 62.
h4 Kd5 { White forfeits on time } 0-1

[Event "ICC tourney 2578 (30 10)"]
[Site "Internet Chess Club"]
[Date "2021.05.23"]
[Round "7"]
[White "KUMAR, AADIT:AaditK"]
[Black "WIDJAJA, LUKE:lwidjaja"]
[Result "0-1"]
[ICCResult "White forfeits on time"]
[WhiteElo "1251"]
[BlackElo "1501"]
[Opening "Giuoco Piano: Möller (Therkatz) attack"]
[ECO "C54"]
[NIC "IG.02"]
[Time "15:00:37"]
[PlyCount "82"]
[TimeControl "1800+10"]

1. e4 e5 2. Nf3 Nc6 3. Bc4 Bc5 4. c3 Nf6 5. d4 exd4 6. cxd4 Bb4+ 7. Nc3
Nxe4 8. O-O Bxc3 9. d5 Bf6 10. Re1 O-O 11. Rxe4 Ne7 12. Bg5 Bxg5 13. Nxg5
d6 14. Qh5 Bf5 15. Rf4 Bg6 16. Qh3 Nxd5 17. Bxd5 Qxg5 18. Rd4 Qe5 19. Rad1
Rfe8 20. Qc3 c6 21. Bf3 d5 22. h3 Rad8 23. Qb3 Qc7 24. Rc1 Qa5 25. Rf1 Re1
26. Rd1 Rxf1+ 27. Rxf1 Qa6 28. Re1 h6 29. Re7 b6 30. Be2 Qa5 31. Bf1 d4 32.
Bd3 Qd5 33. Bc4 Qf5 34. Rxa7 d3 35. Qd1 d2 36. Bb3 Qe4 37. Kh2 Qf4+ 38. Kg1
Re8 39. g3 Re1+ 40. Kg2 Qe4+ 41. f3 Re2+ { White forfeits on time } 0-1

[Event "ICC tourney 2578 (30 10)"]
[Site "Internet Chess Club"]
[Date "2021.05.23"]
[Round "7"]
[White "PRABHU, VARUN:varunprabhu"]
[Black "UPPALAPATI, VIHAR:vihar"]
[Result "1/2-1/2"]
[ICCResult "Game drawn because neither player has mating material"]
[WhiteElo "776"]
[BlackElo "1203"]
[Opening "Giuoco Piano"]
[ECO "C50"]
[NIC "IG.02"]
[Time "15:00:41"]
[PlyCount "127"]
[TimeControl "1800+10"]

1. e4 e5 2. Nf3 Nc6 3. Bc4 Bc5 4. O-O Nf6 5. d3 d5 6. exd5 Nxd5 7. Nc3 Nxc3
8. bxc3 O-O 9. h3 Be6 10. Bxe6 fxe6 11. Bg5 Be7 12. Qd2 h6 13. Be3 Bd6 14.
Qe2 Qf6 15. Bd2 Rad8 16. Rfe1 b6 17. a4 a5 18. Rad1 Rfe8 19. Rf1 Rf8 20.
Rb1 Qg6 21. Nh4 Qf6 22. Nf3 Qg6 23. Qe4 Qxe4 24. dxe4 Bc5 25. Be3 Bxe3 26.
fxe3 Rd6 27. Rb5 Rfd8 28. Nxe5 Na7 29. Rbb1 Rd2 30. Rbc1 c6 31. Nc4 R2d7
32. Nxb6 Re7 33. Nc4 c5 34. Ne5 Rb7 35. Rf4 Rdb8 36. Kh2 Rb1 37. Rxb1 Rxb1
38. Rf7 Nc8 39. Rc7 Nb6 40. Rxc5 Nxa4 41. Rxa5 Nxc3 42. Ra8+ Kh7 43. h4 Rc1
44. h5 Rxc2 45. Nf7 g6 46. hxg6+ Kxg6 47. Ne5+ Kh5 48. Rc8 Kg5 49. Nf3+ Kh5
50. Nd4 Rc1 51. Nxe6 Ne2 52. Rxc1 Nxc1 53. Nf4+ Kg5 54. g3 Nb3 55. g4 Kxg4
56. e5 Kf5 57. e6 Kf6 58. e4 Nc5 59. e5+ Ke7 60. Kg3 Nxe6 61. Nxe6 Kxe6 62.
Kf4 h5 63. Kg5 Kxe5 64. Kxh5 { Game drawn because neither player has mating
material } 1/2-1/2

[Event "ICC tourney 2578 (30 10)"]
[Site "Internet Chess Club"]
[Date "2021.05.23"]
[Round "8"]
[White "EISENBERG, LINUS NGUYEN:PrimusInvin"]
[Black "UPPALAPATI, VIHAR:vihar"]
[Result "0-1"]
[ICCResult "White resigns"]
[WhiteElo "1235"]
[BlackElo "1203"]
[Opening "Scotch: Schmidt variation"]
[ECO "C45"]
[NIC "SO.04"]
[Time "17:00:15"]
[PlyCount "28"]
[TimeControl "1800+10"]

1. e4 e5 2. Nf3 Nc6 3. d4 exd4 4. Nxd4 Nf6 5. Nc3 Bb4 6. Bg5 Bxc3+ 7. bxc3
O-O 8. Bc4 Ne5 9. Bb3 b6 10. Bxf6 Qxf6 11. O-O d6 12. Nf3 Bg4 13. Kh1 Nxf3
14. gxf3 Bxf3+ { White resigns } 0-1

[Event "ICC tourney 2578 (30 10)"]
[Site "Internet Chess Club"]
[Date "2021.05.23"]
[Round "8"]
[White "Potukuchi, Siddhartha:Firemonsterz"]
[Black "PRABHU, VARUN:varunprabhu"]
[Result "0-1"]
[ICCResult "White resigns"]
[WhiteElo "1405"]
[BlackElo "776"]
[Opening "Giuoco Pianissimo"]
[ECO "C50"]
[NIC "IG.02"]
[Time "17:00:18"]
[PlyCount "53"]
[TimeControl "1800+10"]

1. e4 e5 2. Nf3 Nc6 3. Bc4 Bc5 4. d3 h6 5. Nc3 Nf6 6. Be3 b6 7. Bxc5 bxc5
8. Qd2 O-O 9. h4 d6 10. Nd5 Nxd5 11. Bxd5 Bd7 12. g4 Bxg4 13. Bxc6 Bxf3 14.
Rh3 Bg4 15. Bxa8 Bxh3 16. Bd5 Qxh4 17. O-O-O Qe7 18. Rg1 Qf6 19. Kb1 Rb8
20. Qe3 Be6 21. Bxe6 Qxe6 22. b3 c6 23. Qg3 Qf6 24. f4 exf4 25. Qg4 Qg6 26.
Qxg6 fxg6 27. Rxg6 { White resigns } 0-1

[Event "ICC tourney 2578 (30 10)"]
[Site "Internet Chess Club"]
[Date "2021.05.23"]
[Round "8"]
[White "DUNIKOV, DAVID EUGENE:DavidNest"]
[Black "Morgan, Lakshmi M:luckylol3"]
[Result "0-1"]
[ICCResult "White checkmated"]
[WhiteElo "1307"]
[BlackElo "1041"]
[Opening "KGD: classical variation"]
[ECO "C30"]
[NIC "KG.05"]
[Time "17:00:09"]
[PlyCount "116"]
[TimeControl "1800+10"]

1. e4 e5 2. f4 Bc5 3. Nf3 Nc6 4. Bc4 d6 5. Ng5 Nh6 6. Nf3 Bg4 7. Be2 Bxf3
8. Bxf3 exf4 9. d3 Qh4+ 10. Kd2 Be3+ 11. Kc3 Qf6+ 12. d4 Bxd4+ 13. Kd2 Be3+
14. Ke2 Nd4+ 15. Kf1 Nxf3 16. gxf3 Bxc1 17. Qxc1 O-O-O 18. Nc3 c6 19. Qd2
Rhe8 20. Na4 Qe5 21. Nc3 g5 22. Qf2 Kb8 23. Rd1 g4 24. Qh4 Qe6 25. e5 Nf5
26. Qg5 Ne3+ 27. Kf2 Nxd1+ 28. Rxd1 Qxe5 29. Qxg4 Qc5+ 30. Kf1 Qc4+ 31. Kf2
Rg8 32. Qf5 Qc5+ 33. Qxc5 dxc5 34. Re1 Rd2+ 35. Kf1 Rxh2 36. Re7 Rxc2 37.
Rxf7 a6 38. Rxh7 Rxb2 39. Rf7 Rgg2 40. Rxf4 Rh2 41. Kg1 Rhc2 42. Nd1 Rb1
43. Rf8+ Ka7 44. Rd8 Rcc1 45. Kf2 Rxd1 46. Re8 c4 47. Rf8 c3 48. Rf4 c2 49.
Rc4 c1=Q 50. Rxc1 Rbxc1 51. f4 Rc5 52. Kf3 Rf1+ 53. Kg3 Rf5 54. a4 R1xf4
55. a5 Rf8 56. Kg2 Rg4+ 57. Kh3 Rg7 58. Kh4 Rh8# { White checkmated } 0-1

[Event "ICC tourney 2578 (30 10)"]
[Site "Internet Chess Club"]
[Date "2021.05.23"]
[Round "8"]
[White "WU, SEAN HAN:dum2020arEEEWS"]
[Black "JUTRAS, ARNAUD:arnaudjutras"]
[Result "1-0"]
[ICCResult "Black resigns"]
[WhiteElo "1173"]
[BlackElo "1450"]
[Opening "Caro-Kann: advance variation"]
[ECO "B12"]
[NIC "CK.04"]
[Time "17:00:19"]
[PlyCount "65"]
[TimeControl "1800+10"]

1. e4 c6 2. d4 d5 3. e5 Bf5 4. Nf3 e6 5. Be2 c5 6. c3 Nc6 7. O-O Qb6 8. Qa4
Ne7 9. Nbd2 Bg6 10. Nb3 Nf5 11. g4 Ne7 12. Nxc5 Nc8 13. Nd3 Be7 14. Nde1
O-O 15. Ng2 Qc7 16. Qd1 Nb6 17. Nfh4 Na5 18. Nxg6 hxg6 19. Ne3 Rfc8 20. Kg2
Nd7 21. Rh1 Qd8 22. f4 a6 23. h4 b5 24. h5 gxh5 25. Rxh5 g6 26. Rh3 Kg7 27.
Qh1 Qg8 28. g5 Nc4 29. Nxc4 bxc4 30. Qh2 a5 31. Bd2 a4 32. Rh1 Qh8 33. Rh7+
{ Black resigns } 1-0

[Event "ICC tourney 2578 (30 10)"]
[Site "Internet Chess Club"]
[Date "2021.05.23"]
[Round "8"]
[White "WIDJAJA, LUKE:lwidjaja"]
[Black "AMBATI, JASWANT REDDY:AJRChess2011"]
[Result "0-1"]
[ICCResult "White resigns"]
[WhiteElo "1501"]
[BlackElo "1486"]
[Opening "Sicilian: Smith-Morra gambit"]
[ECO "B21"]
[NIC "SI.48"]
[Time "17:00:12"]
[PlyCount "68"]
[TimeControl "1800+10"]

1. e4 c5 2. d4 cxd4 3. c3 dxc3 4. Nxc3 Nc6 5. Nf3 g6 6. Bc4 Bg7 7. O-O Nf6
8. e5 Ng4 9. Bf4 Ngxe5 10. Nxe5 Nxe5 11. Bxe5 Bxe5 12. Qd5 d6 13. Qxf7+ Kd7
14. Nd5 Qf8 15. Qxf8 Rxf8 16. Rfe1 e6 17. Bb5+ Kd8 18. Nc3 Bd4 19. Re2 e5
20. Rd1 Bg4 21. Rdd2 Bxe2 22. Rxe2 Rc8 23. h3 Bxc3 24. bxc3 Rxc3 25. Rd2
Kc7 26. Ba4 Rc1+ 27. Kh2 a6 28. Bb3 h5 29. Bc2 g5 30. Bg6 h4 31. Bh5 Rf4
32. Bg4 Re4 33. g3 Ree1 34. Kg2 e4 { White resigns } 0-1

[Event "ICC tourney 2578 (30 10)"]
[Site "Internet Chess Club"]
[Date "2021.05.23"]
[Round "8"]
[White "RAMAN, ARJUN:jojoraman"]
[Black "DHURJATI, ANAGHA:amdink"]
[Result "1-0"]
[ICCResult "Black resigns"]
[WhiteElo "1360"]
[BlackElo "1296"]
[Opening "Scotch game"]
[ECO "C45"]
[NIC "SO.05"]
[Time "17:00:12"]
[PlyCount "92"]
[TimeControl "1800+10"]

1. e4 e5 2. Nf3 Nc6 3. d4 exd4 4. Nxd4 Bc5 5. Be3 Nxd4 6. Bxd4 Bxd4 7. Qxd4
Qf6 8. e5 Qb6 9. Qxb6 axb6 10. Bc4 Ne7 11. Nc3 O-O 12. O-O-O Nc6 13. Nd5
Nxe5 14. Nxc7 Ra5 15. Bb3 Ng4 16. Rdf1 Nf6 17. a4 d5 18. Rd1 Be6 19. Rhe1
Bf5 20. Nxd5 Nxd5 21. Rxd5 Bg6 22. Rxa5 bxa5 23. Re7 Rb8 24. Bd5 b6 25. f4
h5 26. f5 Bxf5 27. Rxf7 Bc8 28. Rb7+ Kh7 29. Rxb8 Ba6 30. Rxb6 Bf1 31. Be4+
Kg8 32. Bg6 Kf8 33. Rb8+ Ke7 34. Re8+ Kf6 35. Rf8+ Kxg6 36. Rxf1 Kh6 37. b4
axb4 38. a5 g5 39. Rf6+ Kg7 40. Rc6 b3 41. a6 b2+ 42. Kxb2 g4 43. a7 g3 44.
hxg3 h4 45. a8=Q hxg3 46. Qa7+ Kg8 { Black resigns } 1-0

[Event "ICC tourney 2578 (30 10)"]
[Site "Internet Chess Club"]
[Date "2021.05.23"]
[Round "8"]
[White "BANG, ADITYA:AdityaBang"]
[Black "KISHOR MANE, ARNAV:K05-16881843"]
[Result "0-1"]
[ICCResult "White resigns"]
[WhiteElo "1389"]
[BlackElo "1396"]
[Opening "Sicilian: Najdorf"]
[ECO "B90"]
[NIC "SI.14"]
[Time "17:00:41"]
[PlyCount "122"]
[TimeControl "1800+10"]

1. e4 c5 2. Nf3 d6 3. d4 cxd4 4. Nxd4 Nf6 5. Nc3 a6 6. f3 b5 7. a3 Bb7 8.
Bd3 e6 9. O-O Nbd7 10. Nde2 Be7 11. Ng3 O-O 12. Nce2 d5 13. exd5 Nxd5 14.
b4 N7f6 15. Re1 Qb6+ 16. Kh1 Rac8 17. Bd2 Rfd8 18. Nf4 Nxf4 19. Bxf4 Nd5
20. Be5 Bf6 21. Bxf6 Nxf6 22. Qe2 Bd5 23. Ne4 Nxe4 24. fxe4 Bc4 25. Qf3
Bxd3 26. cxd3 Rc3 27. Rf1 Qc7 28. Rfd1 Qd7 29. h3 Rxd3 30. Rxd3 Qxd3 31.
Qxd3 Rxd3 32. Rc1 g6 33. a4 Rb3 34. Rc6 Rxb4 35. a5 Rxe4 36. Rxa6 Ra4 37.
Ra8+ Kg7 38. a6 b4 39. a7 Kh6 40. Kh2 b3 41. Rb8 b2 42. Rxb2 Rxa7 43. Rf2
f5 44. Kg3 e5 45. Rf3 e4 46. Re3 Rf7 47. Re1 f4+ 48. Kf2 e3+ 49. Kf3 g5 50.
Re2 Kh5 51. Ra2 Re7 52. Re2 Kh4 53. g3+ fxg3 54. Kg2 g4 55. hxg4 Kxg4 56.
Kf1 h5 57. Ra2 e2+ 58. Ke1 Re4 59. Ra8 g2 60. Rg8+ Kh3 61. Rg5 h4 { White
resigns } 0-1

[Event "ICC tourney 2578 (30 10)"]
[Site "Internet Chess Club"]
[Date "2021.05.23"]
[Round "8"]
[White "WU, WINSTON:qjet"]
[Black "KUMAR, AADIT:AaditK"]
[Result "1-0"]
[ICCResult "Black checkmated"]
[WhiteElo "1200"]
[BlackElo "1251"]
[Opening "Giuoco Piano"]
[ECO "C54"]
[NIC "IG.02"]
[Time "17:00:26"]
[PlyCount "81"]
[TimeControl "1800+10"]

1. e4 e5 2. Nf3 Nc6 3. Bc4 Bc5 4. c3 Nf6 5. d3 h6 6. a3 d6 7. O-O O-O 8. a4
Ng4 9. h3 Nxf2 10. Rxf2 Bxf2+ 11. Kxf2 Be6 12. Ba2 Bxa2 13. Rxa2 f5 14. Kg1
fxe4 15. dxe4 Qf6 16. Qb3+ Kh8 17. Qxb7 Na5 18. Qd5 Qg6 19. Nbd2 c5 20. b4
cxb4 21. Qxa5 bxc3 22. Qxc3 Rfc8 23. Qb2 Rab8 24. Qa1 Rc7 25. Rb2 Rbc8 26.
Rb1 Qg3 27. Nf1 Qg6 28. N1d2 Qg3 29. Ba3 Rc2 30. Bxd6 R8c3 31. Bxe5 Rxf3
32. Bxg3 Rxg3 33. Rb8+ Kh7 34. Nf3 Rcxg2+ 35. Kf1 Rc2 36. Qd1 Rxf3+ 37.
Qxf3 Rc1+ 38. Kg2 Rc2+ 39. Kg3 Rc1 40. Qf5+ g6 41. Qd7# { Black checkmated
} 1-0

[Event "ICC tourney 2578 (30 10)"]
[Site "Internet Chess Club"]
[Date "2021.05.23"]
[Round "8"]
[White "LI, MASON:iamlifamily"]
[Black "DONG, JERRY:Pawnmanicc"]
[Result "0-1"]
[ICCResult "White resigns"]
[WhiteElo "1266"]
[BlackElo "1279"]
[Opening "Queen's pawn: London system"]
[ECO "A45"]
[NIC "QP.07"]
[Time "17:00:13"]
[PlyCount "102"]
[TimeControl "1800+10"]

1. d4 Nf6 2. Bf4 d6 3. e3 g6 4. Nc3 Bg7 5. Nf3 Nc6 6. Be2 Bf5 7. h3 Ne4 8.
Rb1 Nxc3 9. bxc3 b6 10. Bb5 Bd7 11. O-O O-O 12. c4 Nb8 13. Ba6 Nxa6 14. c3
Nb8 15. c5 bxc5 16. dxc5 dxc5 17. Rb7 e5 18. Nxe5 Bxe5 19. Bxe5 Nc6 20. Bg3
Rc8 21. Qd2 Be6 22. Qxd8 Rfxd8 23. Rb5 Bc4 24. Rxc5 Bxf1 25. Kxf1 Ne7 26.
Bh4 Kf8 27. Re5 Rd7 28. c4 Nf5 29. Bf6 Re8 30. Ra5 Re6 31. Bg5 c6 32. g4
Nd6 33. c5 Ne4 34. Bh6+ Ke7 35. f3 Nd2+ 36. Ke2 Nc4 37. Ra4 Nb2 38. Rb4 Nd3
39. Rc4 Ne5 40. Rc3 f6 41. Bf4 Nf7 42. Ra3 g5 43. Bg3 Ne5 44. Rc3 h6 45. f4
Nf7 46. Kf3 gxf4 47. exf4 Kf8 48. f5 Re8 49. Bh4 Kg7 50. Bg3 Ne5+ 51. Kg2
Rd2+ { White resigns } 0-1

[Event "ICC tourney 2578 (30 10)"]
[Site "Internet Chess Club"]
[Date "2021.05.23"]
[Round "8"]
[White "HUANG, JUSTIN:ijustin"]
[Black "ARUL, SHARVESH:thunderdaze"]
[Result "1-0"]
[ICCResult "Black resigns"]
[WhiteElo "1305"]
[BlackElo "1302"]
[Opening "Scotch: Potter variation"]
[ECO "C45"]
[NIC "SO.05"]
[Time "17:00:09"]
[PlyCount "89"]
[TimeControl "1800+10"]

1. e4 e5 2. Nf3 Nc6 3. d4 exd4 4. Nxd4 Bc5 5. Nb3 Bb6 6. Nc3 Nge7 7. Bd3
O-O 8. Qe2 Nd4 9. Nxd4 Bxd4 10. O-O d6 11. Bd2 Be6 12. a3 a6 13. Qe1 Bb6
14. Be3 Bxe3 15. Qxe3 f5 16. f4 Qd7 17. Rae1 Rae8 18. Qf3 Nc6 19. exf5 Bxf5
20. Qd5+ Be6 21. Qh5 h6 22. Qg6 Rf6 23. Qh7+ Kf8 24. Bg6 Rxg6 25. Qxg6 Bf7
26. Rxe8+ Qxe8 27. Qf5 Nd4 28. Qd3 Nc6 29. Qe4 Qd7 30. f5 Ne5 31. Qxb7 Ke7
32. Nd5+ Bxd5 33. Qxd5 Kf6 34. Qe6+ Qxe6 35. fxe6+ Kxe6 36. Rf8 Nc4 37. Rc8
Nxb2 38. Rxc7 a5 39. Rxg7 Nc4 40. Rg6+ Kd5 41. Rxh6 Nxa3 42. Rh5+ Kc6 43.
Rxa5 Nxc2 44. Ra8 d5 45. Rc8+ { Black resigns } 1-0

[Event "ICC tourney 2578 (30 10)"]
[Site "Internet Chess Club"]
[Date "2021.05.23"]
[Round "8"]
[White "SEN, SAMANT ROBERT:srsmv"]
[Black "Merriman, Dann:theLittlePetey"]
[Result "0-1"]
[ICCResult "White checkmated"]
[WhiteElo "1216"]
[BlackElo "875"]
[Opening "Sicilian: Alapin's variation (2.c3)"]
[ECO "B22"]
[NIC "SI.47"]
[Time "17:00:25"]
[PlyCount "160"]
[TimeControl "1800+10"]

1. e4 c5 2. c3 Nf6 3. e5 Nd5 4. d4 cxd4 5. cxd4 d6 6. exd6 e6 7. Nf3 Bxd6
8. Bd3 b6 9. O-O Bb7 10. Nbd2 Nd7 11. Ne4 Bc7 12. Re1 O-O 13. Bd2 Rc8 14.
Bc2 Bb8 15. Rc1 N7f6 16. Nxf6+ Nxf6 17. Bg5 h6 18. Bh4 Bxf3 19. Qxf3 Qxd4
20. Bxf6 Qxf6 21. b3 Qxf3 22. gxf3 Rc5 23. Re4 Rg5+ 24. Rg4 Rc5 25. b4 Rc7
26. Rd4 Rfc8 27. Rd2 Rc3 28. Kg2 Bf4 29. Bh7+ Kxh7 30. Rxc3 Rxc3 31. Rd7
Ra3 32. Rxf7 e5 33. Rd7 Rxa2 34. Rd3 Ra4 35. Rb3 g5 36. Kf1 Ra1+ 37. Kg2
Rd1 38. Ra3 Rd7 39. h3 Kg6 40. Kf1 Kh5 41. Kg2 Kg6 42. Kf1 Kf5 43. Ke2 h5
44. Kf1 g4 45. fxg4+ hxg4 46. hxg4+ Kxg4 47. f3+ Kg3 48. Ke2 Kg2 49. Ke1
Bd2+ 50. Ke2 Bxb4 51. Rb3 Bc5 52. Ke1 Rf7 53. Ke2 a5 54. Rb2 Rxf3 55. Rb1
Rf8 56. Ra1 Bd4 57. Ra3 Rc8 58. Kd3 Rc3+ 59. Rxc3 Bxc3 60. Kxc3 Kf2 61. Kd2
e4 62. Kc2 e3 63. Kc3 b5 64. Kd4 b4 65. Kc4 e2 66. Kb3 e1=Q 67. Ka4 Qa1+
68. Kb3 a4+ 69. Kxb4 a3 70. Kb3 a2 71. Kc2 Qb1+ 72. Kd2 Qb2+ 73. Kd3 a1=Q
74. Ke4 Qa4+ 75. Kf5 Qac2+ 76. Ke6 Qe4+ 77. Kd6 Qbe5+ 78. Kd7 Q4f5+ 79. Kc6
Qc8+ 80. Kb6 Qec5# { White checkmated } 0-1

[Event "ICC tourney 2578 (30 10)"]
[Site "Internet Chess Club"]
[Date "2021.05.23"]
[Round "8"]
[White "NERALLA, SRIKRUTHI:chessfanatic11"]
[Black "SIAMWALLA, ALVIN:cappyal"]
[Result "1-0"]
[ICCResult "Black resigns"]
[WhiteElo "1202"]
[BlackElo "848"]
[Opening "Four knights: Scotch, 4...exd4"]
[ECO "C47"]
[NIC "KP.06"]
[Time "17:00:26"]
[PlyCount "99"]
[TimeControl "1800+10"]

1. e4 e5 2. Nf3 Nc6 3. Nc3 Nf6 4. d4 exd4 5. Nxd4 Nxd4 6. Qxd4 d6 7. Bg5
Be7 8. Bc4 Nh5 9. Bxe7 Qxe7 10. Nd5 Qd7 11. Be2 Nf6 12. Nxf6+ gxf6 13. Qxf6
Rf8 14. O-O Rg8 15. Bh5 a6 16. Rfe1 Qe6 17. Qxe6+ Bxe6 18. f4 Rf8 19. Rad1
O-O-O 20. f5 Bd7 21. Re3 Rde8 22. Rde1 Re7 23. Bg4 Rfe8 24. Kf2 Bc6 25. f6+
Bd7 26. fxe7 Bxg4 27. Rg3 Bh5 28. e5 Rxe7 29. exd6 Rxe1 30. Kxe1 cxd6 31.
Rc3+ Kd7 32. Kf2 Bg6 33. Ke3 Bf5 34. h3 Bg6 35. g4 h5 36. gxh5 Bxh5 37. Rd3
Bg6 38. Rd2 Ke6 39. Rh2 Kf5 40. h4 Kg4 41. c3 Kh5 42. Kd4 Kg4 43. Kd5 Kg3
44. Rh1 Kg2 45. Rd1 Bh5 46. Rd4 Kg3 47. Kxd6 f5 48. Rd5 Kg4 49. Rd4+ f4 50.
Ke5 { Black resigns } 1-0